[Event "European Women Championship-2011"]
[Site "Tbilisi"]
[Date "2011.05.08"]
[Round "2"]
[White "Kosintseva, Tatiana"]
[Black "Kovanova, Baira"]
[Result "1/2-1/2"]
[WhiteElo "2559"]
[BlackElo "2361"]
[PlyCount "54"]
[EventDate "2011.??.??"]
[TimeControl "5400"]

1. e4 e5 2. Nf3 Nc6 3. Bb5 a6 4. Ba4 Nf6 5. O-O Be7 6. d3 b5 7. Bb3 O-O 8. a4
Bb7 9. Re1 d6 10. Nbd2 Na5 11. Ba2 c5 12. c3 h6 13. Nf1 Re8 14. Ne3 Bf8 15. b4
cxb4 16. cxb4 Nc6 17. Bd2 a5 18. bxa5 b4 19. Nd5 Nxd5 20. Bxd5 Qxa5 21. Qb3 Qc7
22. Bxb4 Nxb4 23. Qxb4 Bxd5 24. exd5 Reb8 25. Qd2 Ra5 26. d4 Rxd5 27. a5 exd4
1/2-1/2

[Event "European Women Championship-2011"]
[Site "Tbilisi"]
[Date "2011.05.08"]
[Round "2"]
[White "Purtseladze, Maka"]
[Black "Dzagnidze, Nana"]
[Result "1/2-1/2"]
[WhiteElo "2352"]
[BlackElo "2557"]
[PlyCount "173"]
[EventDate "2011.??.??"]
[TimeControl "5400"]

1. d4 Nf6 2. c4 e6 3. Nc3 Bb4 4. Qc2 O-O 5. a3 Bxc3+ 6. Qxc3 d5 7. Bg5 dxc4 8.
Qxc4 b6 9. Nf3 Ba6 10. Qa4 c5 11. dxc5 bxc5 12. Rd1 Qe8 13. Qxe8 Rxe8 14. Bxf6
gxf6 15. e3 c4 16. Nd2 Rc8 17. Rc1 Nd7 18. Be2 Rab8 19. O-O Rxb2 20. Bxc4 Bb7
21. Nf3 Bxf3 22. gxf3 Ne5 23. Ba6 Nxf3+ 24. Kg2 Rxc1 25. Rxc1 Ne5 26. h3 Rb3
27. a4 Ra3 28. Bb5 a6 29. Bxa6 Rxa4 30. Be2 f5 31. Rc5 Ng6 32. Bh5 f4 33. Bxg6
hxg6 34. exf4 Rxf4 35. Ra5 Kg7 36. Rb5 Kf6 37. Ra5 e5 38. Kg3 Kf5 39. Ra3 Kg5
40. Ra5 f6 41. Rb5 Ra4 42. Rc5 Ra3+ 43. Kg2 Kf5 44. Rb5 g5 45. f3 Kg6 46. Rb6
Rd3 47. Ra6 Kf7 48. Ra7+ Ke6 49. Ra8 Rd2+ 50. Kg3 Rd7 51. Ra6+ Rd6 52. Ra8 f5
53. Re8+ Kf6 54. Rf8+ Kg6 55. Rg8+ Kh5 56. Rh8+ Rh6 57. Rd8 f4+ 58. Kg2 Ra6 59.
Rh8+ Kg6 60. h4 Ra2+ 61. Kf1 gxh4 62. Rxh4 Kf5 63. Rh8 Ke6 64. Rd8 Ra4 65. Ke2
Ra2+ 66. Kf1 Kf6 67. Rg8 Kf5 68. Re8 Kg5 69. Rh8 Ra6 70. Kg2 Rg6 71. Kf2 Rh6
72. Rg8+ Kf5 73. Re8 Rh2+ 74. Kg1 Rb2 75. Kf1 Kg5 76. Rh8 Rb4 77. Kf2 Rb7 78.
Rg8+ Kf6 79. Re8 Re7 80. Ra8 Kf5 81. Rf8+ Ke6 82. Ra8 Rd7 83. Re8+ Kd5 84. Ke2
Kd4 85. Ra8 Rb7 86. Rd8+ Kc4 87. Rc8+ 1/2-1/2

[Event "European Women Championship-2011"]
[Site "Tbilisi"]
[Date "2011.05.08"]
[Round "2"]
[White "Mikadze, Miranda"]
[Black "Lahno, Kateryna"]
[Result "0-1"]
[WhiteElo "2351"]
[BlackElo "2530"]
[PlyCount "200"]
[EventDate "2011.??.??"]
[TimeControl "5400"]

1. d4 d5 2. Nf3 Nf6 3. Bf4 c5 4. e3 Nc6 5. c3 Qb6 6. Qc1 Bf5 7. Nbd2 Rc8 8. Be2
e6 9. O-O Be7 10. dxc5 Bxc5 11. Nb3 Be7 12. Nbd4 Be4 13. Ne5 Nxe5 14. Bxe5 O-O
15. a4 a6 16. a5 Qd8 17. Qd1 Bg6 18. Nf3 Ne4 19. Nd2 Nc5 20. Nb3 Nd7 21. Bg3
Bf6 22. Ra4 Ne5 23. Bxe5 Bxe5 24. Bd3 Qd7 25. Rb4 Bd6 26. Rd4 Bxd3 27. Qxd3 Qc7
28. g3 b5 29. axb6 Qxb6 30. c4 Rxc4 31. Rxc4 dxc4 32. Qxc4 Be5 33. Ra1 Rb8 34.
Nd4 Qxb2 35. Rxa6 Bxd4 36. exd4 Qb1+ 37. Qf1 Qe4 38. Qd1 g6 39. Ra1 Rd8 40. Qa4
Kg7 41. Rd1 e5 42. Qa5 Rd5 43. Re1 Qxd4 44. Qa2 g5 45. Qc2 h6 46. Qf5 Ra5 47.
Kg2 Qd5+ 48. Kg1 Qd6 49. h4 gxh4 50. Qg4+ Qg6 51. Qxh4 Rb5 52. Qc4 Rb1 53. Kf1
Rxe1+ 54. Kxe1 h5 55. Qd5 Qf5 56. Kf1 Kg6 57. Kg2 e4 58. Qc6+ Kh7 59. Qd6 Qf3+
60. Kg1 Kg7 61. Qe5+ Kg6 62. Qe8 Qd1+ 63. Kg2 Qd5 64. Kg1 Kf5 65. Qc8+ Ke5 66.
Qh8+ Kd6 67. Qf8+ Kd7 68. Qh6 Ke7 69. Qf4 Ke6 70. Qh6+ Kd7 71. Qf4 Kc6 72. Qf6+
Kb5 73. Qb2+ Kc4 74. Qa2+ Kc5 75. Qa5+ Kd6 76. Qd8+ Ke6 77. Qc8+ Qd7 78. Qc4+
Kf5 79. Qc1 Qd6 80. Qc8+ Qe6 81. Qc7 Kg6 82. Qd8 f6 83. Kg2 h4 84. gxh4 Qg4+
85. Kf1 Qxh4 86. Qg8+ Kh6 87. Qh8+ Kg5 88. Qg8+ Kf4 89. Qb8+ Kg4 90. Qg8+ Qg5
91. Qe6+ f5 92. Ke2 Kh3 93. Qb3+ Kg2 94. Qc3 Qh5+ 95. Ke1 Qh1+ 96. Kd2 f4 97.
Qd4 Kf3 98. Qc5 Qh2 99. Kc3 Qxf2 100. Qh5+ Kg2 0-1

[Event "European Women Championship-2011"]
[Site "Tbilisi"]
[Date "2011.05.08"]
[Round "2"]
[White "Zimina, Olga"]
[Black "Danielian, Elina"]
[Result "0-1"]
[WhiteElo "2346"]
[BlackElo "2506"]
[PlyCount "102"]
[EventDate "2011.??.??"]
[TimeControl "5400"]

1. e4 e6 2. d4 d5 3. Nd2 c5 4. Ngf3 Nf6 5. exd5 exd5 6. Bb5+ Bd7 7. Qe2+ Be7 8.
O-O O-O 9. dxc5 Bxc5 10. Bxd7 Nbxd7 11. Nb3 Bb6 12. Be3 Re8 13. Bxb6 Nxb6 14.
Qd3 Nc4 15. Rab1 Rc8 16. Rfe1 Rxe1+ 17. Nxe1 Ne5 18. Qf5 Qc7 19. h3 Re8 20. c3
Ne4 21. Nd4 Qb6 22. Nec2 g6 23. Qf4 Nxc3 24. Re1 Ne4 25. Re3 Nc6 26. Rf3 Re7
27. Rb3 Qc7 28. Qh6 Nxd4 29. Nxd4 Nc5 30. Re3 Re4 31. Nf3 Ne6 32. Rd3 d4 33.
Qd2 Nf4 34. Ra3 Re2 35. Qa5 Qxa5 36. Rxa5 d3 37. Rxa7 Rxb2 38. Ra8+ Kg7 39. Rd8
Rxa2 40. Rd7 b5 41. Kh2 Kf6 42. h4 h6 43. g4 Ke6 44. Rd4 Ra4 45. Rd8 Ke7 46.
Rb8 Rb4 47. g5 hxg5 48. hxg5 Rb2 49. Rb7+ Ke6 50. Rb6+ Kd5 51. Rf6 Ke4 0-1

[Event "European Women Championship-2011"]
[Site "Tbilisi"]
[Date "2011.05.08"]
[Round "2"]
[White "Stefanova, Antoaneta"]
[Black "Kochetkova, Julia"]
[Result "1-0"]
[WhiteElo "2506"]
[BlackElo "2341"]
[PlyCount "61"]
[EventDate "2011.??.??"]
[TimeControl "5400"]

1. d4 d5 2. c4 e6 3. Nf3 Nf6 4. Nc3 dxc4 5. e4 Bb4 6. Bg5 h6 7. Bxf6 Qxf6 8.
Bxc4 c5 9. e5 Qd8 10. O-O cxd4 11. Ne4 O-O 12. Qe2 Bd7 13. Rfd1 Bc6 14. Rxd4
Qe7 15. Rad1 Nd7 16. Bb5 Rad8 17. Bxc6 bxc6 18. Qc4 c5 19. Rd6 Nb6 20. Qb5 Qe8
21. Qxe8 Rdxe8 22. a3 Ba5 23. Nxc5 Nc4 24. Ra6 Rd8 25. Rc1 Bc7 26. Nb7 Nxb2 27.
Nxd8 Rxd8 28. Rxa7 Bb6 29. Rb7 Bxf2+ 30. Kf1 Be3 31. Rcc7 1-0

[Event "European Women Championship-2011"]
[Site "Tbilisi"]
[Date "2011.05.08"]
[Round "2"]
[White "Mamedjarova, Zeinab"]
[Black "Cmilyte, Viktorija"]
[Result "0-1"]
[WhiteElo "2342"]
[BlackElo "2504"]
[PlyCount "54"]
[EventDate "2011.??.??"]
[TimeControl "5400"]

1. d4 Nf6 2. c4 e6 3. Nf3 c5 4. d5 exd5 5. cxd5 g6 6. Nc3 Bg7 7. e4 d6 8. Nd2
O-O 9. Be2 Nbd7 10. O-O a6 11. a4 Re8 12. Nc4 Nb6 13. f3 Nxc4 14. Bxc4 Nh5 15.
Be3 f5 16. Qd2 Bd7 17. Rfe1 Qa5 18. Kh1 Qb4 19. Bd3 f4 20. Bf2 Be5 21. Qc2 Qa5
22. Rec1 Qd8 23. a5 g5 24. Na4 g4 25. Nb6 g3 26. Nxd7 gxf2 27. Nxe5 Ng3+ 0-1

[Event "European Women Championship-2011"]
[Site "Tbilisi"]
[Date "2011.05.08"]
[Round "2"]
[White "Cramling, Pia"]
[Black "Gvetadze, Sopio"]
[Result "1/2-1/2"]
[WhiteElo "2468"]
[BlackElo "2312"]
[PlyCount "100"]
[EventDate "2011.??.??"]
[TimeControl "5400"]

1. d4 d5 2. Nf3 Nf6 3. c4 c6 4. Nc3 dxc4 5. a4 Bf5 6. Ne5 Nbd7 7. Nxc4 Qc7 8.
Bg5 e5 9. e3 Bb4 10. Bxf6 gxf6 11. Bd3 Bg6 12. a5 O-O 13. O-O Rfd8 14. Bxg6
hxg6 15. Qb3 exd4 16. exd4 Bf8 17. Rfd1 Rab8 18. g3 f5 19. Rac1 Rbc8 20. Qa2
Nf6 21. a6 Nd5 22. axb7 Qxb7 23. Ne5 Nb4 24. Qc4 Kg7 25. Na4 Rd5 26. Nc3 Rdd8
27. Qb3 Qe7 28. Re1 Qf6 29. Qc4 Bd6 30. Na4 Bf8 31. Nc5 Bxc5 32. Qxc5 Qd6 33.
Qxa7 Rc7 34. Qa4 Rb8 35. Red1 Qd5 36. Nc4 Re7 37. Ne5 Rb6 38. Qa3 Reb7 39. Nc4
Ra6 40. Qb3 Rb5 41. Rb1 Ra8 42. Qc3 f4 43. Re1 Na2 44. Qd3 Nb4 45. Qc3 Na2 46.
Qd3 Nb4 47. Qc3 Na2 48. Qd3 Nb4 49. Qc3 Na2 50. Qd3 Nb4 1/2-1/2

[Event "European Women Championship-2011"]
[Site "Tbilisi"]
[Date "2011.05.08"]
[Round "2"]
[White "Stojanovic, Andjelija"]
[Black "Mkrtchian, Lilit"]
[Result "0-1"]
[WhiteElo "2326"]
[BlackElo "2468"]
[PlyCount "73"]
[EventDate "2011.??.??"]
[TimeControl "5400"]

1. c4 c5 2. Nf3 Nc6 3. g3 g6 4. Bg2 Bg7 5. O-O e6 6. Nc3 Nge7 7. d3 O-O 8. Bf4
d5 9. cxd5 exd5 10. Qd2 b6 11. a3 d4 12. Ne4 a5 13. Nd6 Be6 14. Nb5 Bb3 15. a4
Qd7 16. Ra3 Bd5 17. h4 Rac8 18. h5 gxh5 19. Kh2 Be6 20. Bh6 Ng6 21. Rh1 Bg4 22.
Bxg7 Kxg7 23. Ng5 Rce8 24. f3 Bf5 25. Kg1 h4 26. Ne4 Bxe4 27. dxe4 Qe7 28. gxh4
Qe5 29. Qg5 f6 30. Qxe5 fxe5 31. Nd6 Rb8 32. Kf2 Rf6 33. Nc4 h5 34. Bh3 Kh6 35.
Bd7 Nb4 36. Rg1 Rg8 37. Bf5 0-1